Cogmind - Beta 17.1 @@@ ROGUE MODE // 2026.08.30 @ 20:53:47 Player: Bsuter Result: Destroyed by S-10 Pest with Light Assault Rifle Performance ------------- Evolutions (0) 0 Regions Visited (3) 600 Robots Destroyed (10) 50 Value Destroyed (324) 324 Prototype IDs (0) 0 Alien Tech Used (0) 0 Bonus (0) 0 TOTAL SCORE: 974 Bonus ------- None Cogmind --------- Core Integrity 0/250 Matter 74/300 Energy 125/125 System Corruption 0% Temperature Cool (0) Movement Rolling (100) Location -10/Subcaves Parts ------- > --- POWER (1) -------- Light Ion Engine > --- PROPULSION (2) --- Compact Wheel > --- UTILITY (2) ------ Small Storage Unit Seismic Detector > --- WEAPON (2) ------- Subdweller Machine Gun > --- INVENTORY (8) ---- Scrap Suit EM Pulse Gun Riot Gun Medium Laser Assault Rifle Subdweller Machine Gun Peak State ------------ > --- POWER ------------ Light Ion Engine > --- PROPULSION ------- Aluminum Leg Compact Wheel > --- UTILITY ---------- Small Storage Unit Seismic Detector > --- WEAPON ----------- Riot Gun Subdweller Machine Gun > --- INVENTORY -------- Scrap Suit EM Pulse Gun Medium Laser Assault Rifle Subdweller Machine Gun Mining Laser [Rating: 11] Favorites ----------- Power Ion Engine Engine Ion Engine Propulsion Aluminum Leg Leg Aluminum Leg Wheel Compact Wheel Utility Small Storage Unit Device Seismic Detector Storage Small Storage Unit Weapon Assault Rifle Energy Gun Medium Laser Ballistic Gun Assault Rifle Launcher Rocket Launcher Special Weapon Mining Laser Build | -11 -10 -10 -10 ------- Run | Yrd Mat Min Sub Slots Evolved . | . . . . Power . | . . . . Propulsion . | . . . . Utility . | . . . . Weapon . | . . . . Parts Attached 20 | 8 1 1 10 Power 3 | 1 . . 2 Engine 3 | 1 . . 2 Core . | . . . . Reactor . | . . . . Propulsion 5 | 2 1 . 2 Treads . | . . . . Leg 4 | 2 1 . 1 Wheel 1 | . . . 1 Hover . | . . . . Flight . | . . . . Utility 2 | 2 . . . Device 1 | 1 . . . Storage 1 | 1 . . . Processor . | . . . . Hackware . | . . . . Protection . | . . . . Artifact . | . . . . Weapon 10 | 3 . 1 6 Energy Gun 3 | 1 . 1 1 Energy Cannon . | . . . . Ballistic Gun 5 | 2 . . 3 Ballistic Cannon . | . . . . Launcher 1 | . . . 1 Special Weapon 1 | . . . 1 Impact Weapon . | . . . . Slashing Weapon . | . . . . Piercing Weapon . | . . . . Special Melee Weapon . | . . . . Unidentified Prototypes . | . . . . Parts Lost 7 | . 2 . 5 Power . | . . . . Propulsion 3 | . 1 . 2 Utility . | . . . . Weapon 4 | . 1 . 3 Highest Loss Streak 3 | . 2 . 3 To Critical Strikes . | . . . . Average Backups 5 | 1 4 5 6 Power . | . 1 1 . Propulsion . | . 1 1 . Utility . | . . . 1 Weapon 3 | . 2 3 3 Tool/Special . | . . . . Unused Backups 1 | . . . 1 Power . | . . . . Propulsion . | . . . . Utility 1 | . . . 1 Weapon . | . . . . Tool/Special . | . . . . Average Slot Usage (%) 96 | . 99 100 92 Engine 14 | . 14 14 14 Leg 23 | . 28 28 18 Wheel 1 | . . . 2 Device 14 | . 14 14 14 Storage 14 | . 14 14 14 Energy Gun 7 | . . 14 6 Ballistic Gun 20 | . 27 14 19 Peak Build Rating 11 | 7 7 8 11 Average Rating 7 | 4 6 7 9 On Entrance 5 | . 7 6 8 Avg Prop Armor Cover (%) 9 | . . . 9 Naked Turns . | . . . . Heaviest Build 17 | 14 14 15 17 Greatest Support 20 | 20 20 20 20 Greatest Overweight (x) 1 | . . . 1 Average Overweight (x) . | . . . . Largest Inventory Capacity 8 | 8 8 8 8 Average Capacity 7 | 6 8 8 8 Most Carried 8 | 3 7 8 8 Average Carried 6 | 1 4 6 7 Final Capacity 8 | 8 8 8 8 Final Carried 8 | 3 6 8 7 Class Distribution -------------------- 100% | Mutant Dominant Class ---------------- Mutant | -10/Materials Mutant | -10/Mines Mutant | -10/Subcaves Resources | -11 -10 -10 -10 ----------- Run | Yrd Mat Min Sub Matter Collected 382 | 134 180 . 68 Remotely . | . . . . Salvage Created 370 | 57 180 . 133 Parts 25 | 5 11 . 9 Haulers Intercepted . | . . . . Recyclers Shooed 1 | . 1 . . Parts Field Recycled . | . . . . Retrieved Matter . | . . . . Parts Self-Destructed 8 | . . . 8 Prevented . | . . . . Parts Restored . | . . . . Kills | -11 -10 -10 -10 ------- Run | Yrd Mat Min Sub Combat Hostiles Destroyed 8 | . 4 . 4 Guns 7 | . 4 . 3 AOE 1 | . . . 1 Classes Destroyed 3 | 1 1 . 1 Tunneler 2 | 2 . . . Grunt 6 | . 4 . 2 Subdweller 2 | . . . 2 Best Kill Streak 2 | 2 2 . 2 Combat Bots Only 2 | . 2 . 2 Max Kills in Single Turn 1 | 1 1 . 1 Gunslinging . | . . . . Exploded 1 | . . . 1 Melee . | . . . . Uniques/NPCs Destroyed . | . . . . Combat | -11 -10 -10 -10 -------- Run | Yrd Mat Min Sub Hostile Shots Fired 101 | . 46 . 55 Missed 26 | . 12 . 14 Hits 75 | . 34 . 41 Projectile 75 | . 34 . 41 Critical Strikes 4 | . 2 . 2 Damage Taken 1164 | . 445 . 719 Core 251 | . 78 . 173 Absorbed by Shields . | . . . . Core Remaining (%) 100 | 100 . . . Volleys Fired 52 | 2 23 . 27 Largest 2 | 2 2 . 2 Hottest 100 | 40 40 . 100 Shots Fired 100 | 4 46 . 50 Gun 94 | 4 46 . 44 Cannon . | . . . . Launcher 4 | . . . 4 Special 2 | . . . 2 Kinetic 79 | 4 46 . 29 Thermal 15 | . . . 15 Explosive 4 | . . . 4 Electromagnetic 2 | . . . 2 Robot Hit Streak 13 | 3 6 . 13 Robot Miss Streak 3 | . 3 . 2 Penetration Max . | . . . . Secondary Targets 1 | . 1 . . Max Gunslinging Chain 1 | . 1 . . Shots Hit Robots 55 | 3 29 . 23 Core Hits 24 | 2 13 . 9 Critical Kills . | . . . . Critical Parts Destroyed . | . . . . Critical Strikes 1 | . . . 1 Burn 1 | . . . 1 Melee Attacks . | . . . . Impact . | . . . . Slashing . | . . . . Piercing . | . . . . Sneak Attacks . | . . . . Combat Hostiles . | . . . . Follow-up Attacks . | . . . . Damage Inflicted 831 | 39 316 . 476 Guns 595 | 39 316 . 240 Cannons . | . . . . Explosions 236 | . . . 236 Melee . | . . . . Ramming . | . . . . Kinetic 458 | 39 316 . 103 Thermal 137 | . . . 137 Explosive 236 | . . . 236 Electromagnetic . | . . . . Impact . | . . . . Slashing . | . . . . Piercing . | . . . . Highest Corruption . | . . . . Average Corruption . | . . . . Corruption Purged . | . . . . Corruption Blocked . | . . . . Overload Shots . | . . . . Overflow Damage 5 | . . . 5 Projectiles . | . . . . Explosions 5 | . . . 5 Melee . | . . . . Knockbacks . | . . . . Impact . | . . . . Kinetic . | . . . . Secondary . | . . . . Self-Inflicted Damage 119 | . . . 119 Shots 4 | . . . 4 Rammed . | . . . . Targets Rammed . | . . . . Kicked . | . . . . Crushed . | . . . . Highest Temperature 237 | . 59 . 237 Average Temperature 52 | . 19 . 136 Received Heat Transfer 983 | . 279 . 704 Siege Activations . | . . . . Martial Activations . | . . . . Shielding Activations . | . . . . Robots Disrupted . | . . . . Combat Hostiles . | . . . . Robots Corrupted . | . . . . Combat Hostiles . | . . . . Parts Fried . | . . . . Impact Corruptions . | . . . . Robots Melted . | . . . . Combat Hostiles . | . . . . Parts Melted . | . . . . Heat Transferred 481 | . . . 481 Parts Sabotaged . | . . . . Parts Stolen . | . . . . Parts Stripped . | . . . . Power Chain Reactions . | . . . . Alert | -11 -10 -10 -10 ------- Run | Yrd Mat Min Sub Maximum Alert Level . | . . . . Low Security (%) 100 | 100 100 100 . Level 1 . | . . . . Level 2 . | . . . . Level 3 . | . . . . Level 4 . | . . . . Level 5 . | . . . . High Security . | . . . . Max Security . | . . . . Peak Influence 60 | 5 60 3 . Initial 3 | . . 3 . Average 6 | . 15 . . Influence Increases 160 | 10 100 . 50 Destroy 0b10 Robot/C 120 | . 80 . 40 Destroy 0b10 Robot/NC 10 | 10 . . . Destroy Leader 30 | . 20 . 10 Influence Decreases 160 | 10 90 10 50 Entered New Map 7 | . . 7 . Time Decay 133 | 10 70 3 50 Lost Part 20 | . 20 . . Squads Dispatched 2 | . 2 . . Investigation . | . . . . Extermination . | . . . . Reinforcement 2 | . 2 . . Assault . | . . . . Garrison . | . . . . Intercept . | . . . . Searches Triggered . | . . . . Construction Impeded . | . . . . Haulers Reinforced . | . . . . Active Scanning Responses . | . . . . Cargo Convoy Interrupts . | . . . . Stealth | -11 -10 -10 -10 --------- Run | Yrd Mat Min Sub Distress Signals . | . . . . Communications Jammed . | . . . . Distress Signals . | . . . . Times Spotted 27 | . 13 . 14 Peak Tracking Total 8 | . 6 . 8 Tactical Retreats 1 | . . . 1 Traps | -11 -10 -10 -10 ------- Run | Yrd Mat Min Sub Traps Triggered . | . . . . Indirectly . | . . . . Trap Hack Attempts . | . . . . Triggered . | . . . . Disarmed . | . . . . Reprogrammed . | . . . . Reused . | . . . . Traps Extracted . | . . . . Installed . | . . . . Triggered . | . . . . Machines | -11 -10 -10 -10 ---------- Run | Yrd Mat Min Sub Machines Disabled . | . . . . Max in Single Turn . | . . . . Machines Repaired . | . . . . Machines Dismantled . | . . . . Machines Sabotaged . | . . . . Overloaded Fab Kills . | . . . . Hacking | -11 -10 -10 -10 --------- Run | Yrd Mat Min Sub Machines Accessed 2 | . 2 . . Terminals 2 | . 2 . . Fabricators . | . . . . Repair Stations . | . . . . Recycling Units . | . . . . Scanalyzers . | . . . . Garrison Access . | . . . . Total Hacks 5 | . 5 . . Successful 1 | . 1 . . Failed 4 | . 4 . . Catastrophic 1 | . 1 . . Database Lockouts . | . . . . Manual 8 | . 8 . . Terminals 5 | . 5 . . Fabricators . | . . . . Repair Stations . | . . . . Recycling Units . | . . . . Scanalyzers . | . . . . Garrison Access . | . . . . Terminal Hacks 1 | . 1 . . Record 1 | . 1 . . Fabricator Hacks . | . . . . Repair Station Hacks . | . . . . Recycling Unit Hacks . | . . . . Scanalyzer . | . . . . Garrison Access Hacks . | . . . . Unauthorized Hacks . | . . . . Terminals . | . . . . Fabricators . | . . . . Repair Stations . | . . . . Recycling Units . | . . . . Scanalyzers . | . . . . Garrison Access . | . . . . Data Cores Recovered . | . . . . Used . | . . . . Hacking Detections 2 | . 2 . . Full Trace Events . | . . . . Feedback Events . | . . . . Feedback Blocked . | . . . . Robot Schematics Acquired . | . . . . Robots Built . | . . . . Authchips . | . . . . Time . | . . . . Total Robot Build Rating . | . . . . Part Schematics Acquired . | . . . . Parts Built . | . . . . Authchips . | . . . . Time . | . . . . Total Part Build Rating . | . . . . Part Studies Acquired . | . . . . Parts Repaired . | . . . . Time . | . . . . Parts Recycled . | . . . . Recycled Matter . | . . . . Retrieved Matter . | . . . . Retrieved Components . | . . . . Parts Scanalyzed . | . . . . Part Schematics Acquired . | . . . . Parts Damaged . | . . . . Bothacking | -11 -10 -10 -10 ------------ Run | Yrd Mat Min Sub Used RIF Installer . | . . . . Robots Hacked . | . . . . Non-combat . | . . . . Combat . | . . . . Robot Hacks Applied . | . . . . Relay Couplers Released . | . . . . Fabnet Peak Effective % . | . . . . Robots Rewired . | . . . . Allies Hacked . | . . . . Hacks Repelled . | . . . . Allies | -11 -10 -10 -10 -------- Run | Yrd Mat Min Sub Total Allies . | . . . . Largest Group . | . . . . Highest-Rated Group . | . . . . Highest-Rated Ally . | . . . . Total Orders . | . . . . Ally Attacks . | . . . . Total Damage . | . . . . Kills . | . . . . Allies Corrupted . | . . . . Allies Melted . | . . . . Intel | -11 -10 -10 -10 ------- Run | Yrd Mat Min Sub Active Infowar (turns) 1568 | 18 348 402 800 Seismic 1568 | 18 348 402 800 Robot Analysis Total . | . . . . Derelict Logs Recovered 1 | . . 1 . Drone Launches . | . . . . Drone Recoveries . | . . . . Exploration | -11 -10 -10 -10 ------------- Run | Yrd Mat Min Sub Turns Passed 1643 | 93 348 402 800 Spaces Moved 1112 | 64 224 320 504 Core 8 | 8 . . . Treads . | . . . . Legs 957 | 56 224 320 357 Wheels 147 | . . . 147 Hover . | . . . . Flight . | . . . . Fastest Speed 50 | 50 120 120 100 Average Speed 127 | 111 120 120 138 Slowest Speed 190 | 120 120 120 190 Overloaded Moves . | . . . . Propulsion Burnouts . | . . . . Robots Hopped . | . . . . Potential Cave-ins . | . . . . Cave-ins Triggered . | . . . . Exploration Rate (%) 34 | 4 35 78 19 Regions Visited 3 Branch Regions 2 Pre-discovered Areas . | . . . . Known Exits Taken . | . . . . Unknown Exits Taken 3 | 1 1 1 . Scrap Searched . | . . . . Spaces Dug . | . . . . Terrain Destroyed 24 | . . . 24 Melee . | . . . . Projectile . | . . . . AOE 24 | . . . 24 Terrain Rammed . | . . . . Walls Destroyed . | . . . . Machines Disabled . | . . . . Actions | -11 -10 -10 -10 --------- Run | Yrd Mat Min Sub Total 1231 | 78 261 338 554 Wait 31 | 2 10 16 3 Move 1109 | 63 223 319 504 Hop . | . . . . Pick Up 9 | 2 3 2 2 Fast Attach 10 | 8 . . 2 Attach 6 | . 1 1 4 Detach 3 | 1 . . 2 Swap 6 | . 1 . 5 Drop 5 | . . . 5 Fire 52 | 2 23 . 27 Melee . | . . . . Ram . | . . . . Kick . | . . . . Crush . | . . . . Escape Stasis . | . . . . Rewire . | . . . . Trap . | . . . . Miscellaneous . | . . . . Route ------- -11/Scrapyard -10/Materials -10/Mines (discovered 2 exits: [*Mat] / [*Sub]) -10/Subcaves (discovered 1 exit: [*Rec]) History --------- Turn | Location | Event 32 | -11/Scrapyard | Discovered new exit (range 15) 94 | -11/Scrapyard | Entered Materials 306 | -10/Materials | Build established: Mutant 345 | -10/Materials | Discovered new exit (range 16) 442 | -10/Materials | Entered Mines 443 | -10/Mines | Met a Derelict bent on vengeance 517 | -10/Mines | Learned 4 Materials zone layouts 528 | -10/Mines | Received a Rocket Launcher from a helpful Derelict 540 | -10/Mines | Discovered new exit (range 10) 744 | -10/Mines | Found a Scrap Suit stashed away for nefarious purposes 752 | -10/Mines | Found Scrap Suit 777 | -10/Mines | Discovered new exit (range 6) 844 | -10/Mines | Entered Subcaves 845 | -10/Subcaves | Approached by a straggling Scientist 1113 | -10/Subcaves | Core integrity fell below 50% 1122 | -10/Subcaves | Core integrity fell below 20% 1146 | -10/Subcaves | Lost 3 parts (1n2w) 1168 | -10/Subcaves | A swath of the cavern ceiling suddenly collapsed 1453 | -10/Subcaves | Shifting Twisted Machinery released Sub. Machine Gun 1461 | -10/Subcaves | Shifting Twisted Machinery released Riot Gun 1640 | -10/Subcaves | Discovered new exit (range 11) 1644 | -10/Subcaves | Destroyed by S-10 Pest with Light Assault Rifle Last Messages --------------- Keyboard Mode). Hovering the cursor over an object also shows its Armor in the Scan window. Sub. Machine Gun falls loose from the Twisted Machinery. Riot Gun falls loose from the Twisted Machinery. 01472_ Dropped Assault Rifle. 01474_ Dropped Com. Wheel. 01475_ Acquired Com. Wheel. 01478_ Dropped Broken Sub. Power Source. 01480_ Acquired Assault Rifle. 01486_ Acquired Riot Gun. 01489_ Subatomizers dissect the Broken Sub. Power Source. 01639_ Aluminum Leg destroyed. 01640_ S-10 Pest springs to life. 01640_ Mining Laser destroyed. 01640_ EXIT=FOUND 01640_ S-10 Pest springs to life. [Achievement: Deductive Reasoning] Map ----- +----------------------------------------------------+ | ?????????????????????????????????????????????????? | | ?????????????????????????????????????????????????? | | ?????????????????????????????????????????????????? | | ?????????????????????????????????????????????????? | | ?????????????????????????????????????????????????? | | ?????????????????????????????????????????????????? | | ?????????????????????????????????????????????????? | | ?????????????????????????????????????????????????? | | ??####???????????????????????????????????????????? | | ?## #####???????????????????????????????????????? | | ## ##??????????????????????????????????????? | | % #??????????????????????????????????????? | | ## ^ #??????????????????????????????????????? | | ##### ######??????????????????????????????????? | | #?### # #??????????????????????????????????? | | #### # #??????????????????????????????????? | | #??????????????????????????????????? | | # # #??????????????????#???????????????? | | # ## #######????????????????? ##??????????????? | | ###### ### ##????????????????? #??????????????? | | ?????# ## ##???#######??#### #???????????????? | | ????## ## ##??#""" "??# ????????????????? | | ???## ## ^ #??#" ss ?## ??????????????????? | | ???# #??#" ## ##??????????????????? | | ???# ####""t #??????????????????? | | ???## ##< @ ####???????????????? | | ????# ##""t s ##??????????????? | | ???## ##" # #??????????????? | | ???# ## ##" # #??????????????? | | ???######## ##?###""" "#s #??????????????? | | ?????????## ##??######## g ##?????????????? | | ?????????# ##???????## #?????????????? | | ?????????# ######??# ## #?????????????? | | ?????????#### ## #### #?# #?????????????? | | ????????????# ## ##?###?????????????? | | ????????????## """"""" "" ##????????????????? | | ?????????????# ##???????????????? | | ????????????### ^ ## #???????????????? | | ????????????# # ##### #???????????????? | | ?????????????# ^^ #??### #???????????????? | | ????????????## "" ##?## # #???????????????? | | ????????????# ### #?## "" #???????????????? | | ???????##?### """####?# """"## #??????????????? | | ???????# ## #???## "#"##?# #??????????????? | | ???????## #????# # ##?? #??????????????? | | ???????# ## ##????# #??? #??????????????? | | ???????# ### ##?????## ##????#??????????????? | | ???##?## "#### ##???????# #??? ?#?????????????? | | ???# ## """ ## #????????# " ##?? #?????????????? | | ???## """# #???????# "" #?# #??????????????? | +----------------------------------------------------+ Best States ------------- Heat Dissipation 25 Energy Generation 15 Energy Capacity 250 Matter Stores 247 Matter Capacity 300 Sight Range 16 Terrain Scan Density 10 Evasion (%) 55 Item Schematics ----------------- None Robot Schematics ------------------ None Fabricated ------------ Nothing Repaired ---------- Nothing Studied --------- None Alien Tech Used ----------------- None Achievements -------------- Deductive Reasoning Challenges ------------ None Game ------ Seed CentriumDecoyPlateshifter Manual? 0 Play Time 00:15:15 Cumulative 18.0 hours Start 2026.08.30 @ 20:39:20 End 2026.08.30 @ 20:53:47 Sessions 1 Manual Loads 0 Difficulty Rogue Special Mode None Game No. 26 Rogue 26 Adventurer 0 Explorer 0 Win Type - Total 0 Types 0/0/0/0/0/0/0/0/0/0 Lore% 12 Gallery% 15 Achievement% 14 Wizard Run 0 Options --------- Layout 1 ASCII 0 Keyboard 1 Movement Arrows Keybinds 1 Fullscreen 2 Font 36/Smallcaps Map View 50x40 Zoom Use 0% Tactical HUD 1 Map Filters NONE Filters NONE Steam 1 RUN: 450ed1d3-e3dd-4a9a-a375-149281ef228f